AoeStats
← 帝国的铁汉

Arabian Desert

510282866Analyzed
1v1 RM · 2d ago on Sep 30, 2026· 32m 35s· 2 players
Game mode
Random Map
Map size
Tiny (2 player)
Population
200
Speed
Normal
Resources
Standard
Victory
Conquest
Starting age
Dark Age
Ending age
Imperial Age
RankedLock teamsTeams togetherTeam positionsShared explorationLock speedFull tech treeHidden civsTurbo modeCheats
Victory
Defeat
🇨🇳 Varangians · China
1675
+21
🇮🇳 Lithuanians · India
1793
-21
帝国的铁汉
11:18 Loom
13:44 Feudal Age
15:06 Double-Bit Axe
17:33 Castle Age
17:12 Bloodlines
17:33 Scale Barding Armor
18:54 Husbandry
24:37 Chain Barding Armor
25:23 Forging
Hunt
1:58 Loom
10:43 Feudal Age
11:13 Double-Bit Axe
15:10 Fletching
22:58 Castle Age
22:07 Gold Mining
23:43 Bodkin Arrow
26:40 Bloodlines
Connection lost

Rejoining the realm…

Still unreachable

The connection could not be restored.

Session expired

The server has moved on; the page needs a fresh start.